 Dungeon Crawl Stone Soup version 0.30.1-9-gdf580d7c3d (webtiles) character file.

Game seed: 14471207897250332139

365 ChiefBigBeans the Changer (level 6, 0/25 HPs)
             Began as a Felid Transmuter on Oct 3, 2023.
             Was a Plaything of Xom.
             Slain by a black bear (3 damage)
             ... on level 5 of the Dungeon.
             The game lasted 00:13:32 (4002 turns).

ChiefBigBeans the Changer (Felid Transmuter)        Turns: 4002, Time: 00:13:33

Health: 0/25       AC:  2    Str:  6    XL:     6   Next: 40%
Magic:  14/14      EV: 17    Int: 17    God:    Xom [.*....]
Gold:   175        SH:  0    Dex: 16    Spells: 7/15 levels left
                                        Lives:  0   Deaths: 1

rFire   . .          .
                       - Unarmed
rCold   . . .        (shield unavailable)
rNeg    . . .        (body armour unavailable)
rPois   .            (helmet unavailable)
rElec   .            (cloak unavailable)
rCorr   .            (gloves unavailable)
SInv    +            (boots unavailable)
Will    .....        (no amulet)
Stlth   +            (no ring)
HPRegen 0.24/turn    (no ring)
MPRegen 0.14/turn

%: no passive effects
@: appendages, quick
A: horns 2, very small, claws 1, fangs 3, see invisible, speed 1, shaggy fur 2,
stealthy paws, no weapons or thrown items, no armour, multi-lived
a: End Transformation, Renounce Religion


You were on level 5 of the Dungeon.
You worshipped Xom.
You were a plaything of Xom.
You had temporarily grown beastly horns.
You visited 1 branch of the dungeon, and saw 6 of its levels.

You collected 175 gold pieces.

Inventory:

Wands
 d - a wand of flame (14)
Scrolls
 e - a scroll of immolation {unknown}
 f - a scroll of teleportation
 g - 2 scrolls of identify
Potions
 a - 2 potions of lignification
 b - a potion of curing
 c - a potion of heal wounds


   Skills:
 - Level 1.0 Fighting
 - Level 2.9 Dodging
 - Level 3.3 Unarmed Combat
 + Level 5.0 Spellcasting
 + Level 5.9 Transmutations


You had 7 spell levels left.
You knew the following spells:

 Your Spells              Type           Power      Damage    Failure   Level
a - Beastly Appendage     Tmut           48%        N/A       1%          1
b - Spider Form           Tmut/Pois      14%        N/A       13%         3
c - Ice Form              Ice/Tmut       14%        N/A       38%         4

Your spell library contained the following spells:

 Spells                   Type           Power      Damage    Failure   Level
 Wereblood                Tmut           24%        N/A       1%          2
 Sublimation of Blood     Necr           4%         N/A       22%         2
 Summon Hydra             Summ           2%         N/A       100%        7


Dungeon Overview and Level Annotations

Branches:
Dungeon (6/15)
 Temple: D:4-7

Altars:
Gozag
Okawaru
Xom

Shops:
D:4 ?!

Annotations:
D:4 Pikel


Innate Abilities, Weirdness & Mutations

You have temporarily grown beastly horns.
You have sharp claws.
You have razor-sharp teeth.
You have supernaturally acute eyesight. (SInv)
You cover ground quickly. (Speed+)
You are covered in thick fur. (AC +2)
Your paws help you pounce on unaware monsters.
You are incapable of wielding weapons or throwing items.
You cannot wear armour.
You gain extra lives every three experience levels.


Message History

There is a stone staircase leading down here.
Found a flail.
There is a stone staircase leading down here.
A black bear comes into view.
Found a murky orange potion.
You grow a pair of large bovine horns.
The black bear bites you. The black bear claws you.
The black bear closely misses you.
You scratch the black bear. You claw the black bear.
The black bear is moderately wounded.
The black bear barely misses you. The black bear misses you.
The black bear barely misses you.
You scratch the black bear. Your headbutt misses the black bear.
Your bite misses the black bear.
The black bear is heavily wounded.
The black bear bites you. The black bear barely misses you.
The black bear misses you.
You scratch the black bear.
You headbutt the black bear, but do no damage.
The black bear is severely wounded.
The black bear closely misses you. The black bear claws you. x2
You barely miss the black bear. You bite the black bear.
The black bear is severely wounded.
The black bear completely misses you. The black bear claws you. x2
* * * LOW HITPOINT WARNING * * *
You scratch the black bear.
The black bear is almost dead.
The black bear barely misses you. The black bear claws you.
* * * LOW HITPOINT WARNING * * *
The black bear closely misses you.
You scratch the black bear but do no damage.
Your bite misses the black bear.
The black bear is almost dead.
The black bear goes berserk!
You scratch the black bear.
The black bear is almost dead.
The black bear bites you.
* * * LOW HITPOINT WARNING * * *
The black bear claws you.
You die...

## #########
#..##
#.......##.....
#.####..#......
#.####.@h...!.#
#.##..)........
#.##.#.........
#..............
#..>.....#..##.
#.##.##.......
#....##.#.....#
.....##.#.....#
##.##.# .


You could see a black bear (berserk).

Vanquished Creatures
  Grinder (D:4)
  An ogre (D:4)
  2 hounds (D:4)
  A jelly (D:4)
  Ijyb (D:4)
  4 adders
  4 dart slugs
  2 orcs (D:3)
  2 bats
  11 endoplasms
  A giant cockroach (D:2)
  11 hobgoblins
  4 jackals (D:1)
  3 quokkas
  6 ball pythons
  3 frilled lizards
  9 goblins
  10 kobolds
  2 rats (D:3)
78 creatures vanquished.

Notes
Turn   | Place    | Note
-------+----------+-------------------------------------------
     0 | D:1      | ChiefBigBeans the Felid Transmuter began the quest for the
                  | Orb.
     0 | D:1      | Reached XP level 1. HP: 9/9 MP: 4/4
   235 | D:1      | Reached XP level 2. HP: 12/12 MP: 4/6
   439 | D:1      | Found a faded altar of an unknown god.
  1022 | D:2      | Reached XP level 3. HP: 15/15 MP: 5/7
  1730 | D:2      | Learned a level 3 spell: Spider Form
  1811 | D:3      | Reached XP level 4. HP: 15/19 MP: 7/9
  2296 | D:3      | Found an iron altar of Okawaru.
  2559 | D:3      | Found a shimmering altar of Xom.
  2561 | D:3      | Found a shimmering altar of Xom.
  2562 | D:3      | Found a shimmering altar of Xom.
  2562 | D:3      | Found a shimmering altar of Xom.
  2563 | D:3      | Found a shimmering altar of Xom.
  2565 | D:3      | Found a shimmering altar of Xom.
  2565 | D:3      | Found a shimmering altar of Xom.
  2566 | D:3      | Found a shimmering altar of Xom.
  2677 | D:3      | Became a worshipper of Xom of Malevolent Giggling
  3001 | D:4      | Found Sass's Magic Scroll Shop.
  3092 | D:4      | Reached XP level 5. HP: 5/22 MP: 9/11
  3168 | D:4      | Noticed Ijyb
  3174 | D:4      | Noticed an ogre
  3183 | D:4      | XOM: noise
  3191 | D:4      | XOM: divination: magic mapping
  3196 | D:4      | Killed an ogre
  3197 | D:4      | Gained mutation: You are covered in thick fur. (AC +2)
                  | [Felid growth]
  3197 | D:4      | Reached XP level 6. HP: 20/25 MP: 10/13
  3209 | D:4      | HP: 1/25 [Ijyb/puff of flame (9)]
  3214 | D:4      | Noticed Pikel
  3215 | D:4      | Killed Ijyb
  3216 | D:4      | Reached skill level 5 in Transmutations
  3229 | D:4      | XOM: enchant monster (good)
  3238 | D:4      | a lemure changed into an orange demon
  3238 | D:4      | Noticed an orange demon
  3238 | D:4      | XOM: polymorph lemure -> orange demon
  3343 | D:4      | Found Bommes's Distillery.
  3533 | D:4      | Noticed Grinder
  3546 | D:4      | Paralysed by Grinder for 3 turns
  3550 | D:4      | Slain by Grinder
  3551 | D:4      | Reached XP level 5. HP: -3/22 MP: 11/12
  3558 | D:4      | Killed Grinder
  3559 | D:4      | Reached skill level 5 in Spellcasting
  3559 | D:4      | Reached XP level 6. HP: 25/25 MP: 12/14
  3578 | D:4      | Learned a level 4 spell: Ice Form
  3651 | D:4      | XOM: smoke on damage
  3896 | D:4      | You fall into a shaft and drop 2 floors!
  3903 | D:6      | Found an opulent altar of Gozag.
  3933 | D:6      | Noticed an ice beast
  3972 | D:5      | Entered Level 5 of the Dungeon
  4002 | D:5      | Slain by a black bear

Illustrated notes

Levels and vault maps discovered:
D:1:      mrwooster_arrival_statue_3, layout_loops_corners,
          ebering_ecumenical_altar_ruins
D:2:      cheibrodos_greedy_goblins, layout_basic, nicolae_eternal_life
D:3:      layout_basic, mainiacjoe_overflow_brackets, xom_redecorated,
          serial_glass, glass_columns_a, glass_columns_b, glass_columns_c,
          glass_columns_a, glass_columns_b, glass_columns_a, feat_on_display,
          item_on_display_a, due_unseen_surprise, item_on_display_a
D:4:      layout_rooms, serial_shops, shop, nicolae_take_the_stairs, uniq_pikel,
          uniq_ijyb, uniq_grinder
D:5:      layout_loops_cross, kennysheep_generic_room_13
D:6:      layout_basic, nicolae_overflow_hidden_temple,
          mainiacjoe_overflow_alcove_4, nicolae_wu_jian_wuxing_cycle,
          general_overflow_altar, minmay_temple_entry_gardened_gates,
          uniq_duvessa, uniq_crazy_yiuf_cottage

Skill      XL: |  1  2  3  4  5  6 |
---------------+-------------------+-----
Transmutations | 3 4 5 |  5.9
Spellcasting   | 3 5 |  5.0
Fighting       | |  1.0
Dodging        | |  2.9
Unarmed Combat | |  3.3

Action                     |  1- 3 |  4- 6 || total
---------------------------+-------+-------++-------
  Melee: Unarmed           |   127 |   130 ||   257
         Headbutt          |    22 |     9 ||    31
         Punch             |     4 |     4 ||     8
         Bite              |    11 |    13 ||    24
   Cast: Beastly Appendage |    32 |    18 ||    50
         Spider Form       |       |     4 ||     4
    Use: Scroll            |     5 |     1 ||     6
         Potion            |     1 |     9 ||    10
   Stab: Sleeping          |     2 |       ||     2
 Armour: Skin              |     4 |     3 ||     7
  Dodge: Dodged            |    80 |   103 ||   183
